 Dungeon Crawl Stone Soup version 0.21.1-1-g345015f (webtiles) character file.

17189 inc the Spry (level 12, -4/58 HPs)
             Began as a Felid Monk on Mar 7, 2018.
             Was an Elder of Elyvilon.
             Slain by a komodo dragon (25 damage)
             ... on level 6 of the Lair of Beasts on Mar 8, 2018.
             The game lasted 00:53:05 (21690 turns).

inc the Spry (Felid Monk)                          Turns: 21690, Time: 00:53:05

Health: -4/58      AC:  3    Str: 10    XL:     12   Next: 16%
Magic:  17/19      EV: 32    Int: 17    God:    Elyvilon [****..]
Gold:   917        SH:  0    Dex: 18    Spells: 11/11 levels left
                                        Lives:  0   Deaths: 2

rFire    . . .     SeeInvis +     - Unarmed
rCold    + . .     Gourm    .   (shield unavailable)
rNeg     . . .     Faith    .   (armour unavailable)
rPois    +         Spirit   .   (helmet unavailable)
rElec    .         Reflect  .   (cloak unavailable)
rCorr    .         Harm     .   (gloves unavailable)
MR       +....                  (boots unavailable)
Stlth    ++++......             y - amulet of rage
HPRegen  0.19/turn              E - +3 ring of strength
MPRegen  0.16/turn              H - ring of poison resistance

@: quick
A: very small, no armour, no weapons or thrown items, stealth, claws 1, fangs 3,
see invisible, carnivore, speed 1, shaggy fur 3, slow metabolism 1, sharp paws
a: Lesser Healing, Heal Other, Purification, Greater Healing, Divine Protection,
Renounce Religion, Evoke Berserk Rage


You were on level 6 of the Lair of Beasts.
You worshipped Elyvilon.
Elyvilon was greatly pleased with you.
You were full.

You visited 3 branches of the dungeon, and saw 17 of its levels.
You also visited: Sewer and Volcano.

You collected 1012 gold pieces.
You spent 95 gold pieces at shops.

Inventory:

Jewellery
 b - the ring of the Monkey {rCorr +Fly rC- Int+3 Dex+6}
   (You acquired it on level 2 of the Lair of Beasts)

   [ring of resist corrosion]

   It affects your intelligence (+3).
   It affects your dexterity (+6).
   It makes you vulnerable to cold.
   It lets you fly.
 d - an uncursed ring of flight
 j - an uncursed amulet of harm
 w - the amulet "Denott" {Inacc +Inv rC+}
   (You found it on level 5 of the Dungeon)

   [amulet of inaccuracy]

   It reduces the accuracy of all your attacks.
   It protects you from cold.
   It lets you turn invisible.
 y - an amulet of rage (around neck)
 E - a +3 ring of strength (left paw)
 H - a ring of poison resistance (right paw)
Wands
 f - a wand of flame (74)
 x - a wand of scattershot (6)
 F - a wand of paralysis (17)
 I - a wand of disintegration (24)
Scrolls
 c - 11 scrolls of amnesia
 h - 12 scrolls of teleportation
 i - 3 scrolls of noise
 p - a scroll of immolation
 q - 5 scrolls of remove curse
 s - 2 scrolls of fog
 t - 4 scrolls of fear
 D - a scroll of blinking {unknown}
 J - a scroll of magic mapping
 K - a scroll of holy word {unknown}
 M - a scroll of identify
Potions
 g - 3 potions of curing
 k - a potion of ambrosia
 l - 5 potions of brilliance
 n - a potion of mutation
 o - 2 potions of magic
 r - a potion of lignification
 u - 2 potions of flight
 z - a potion of cancellation
 A - a potion of berserk rage
 B - 4 potions of degeneration
 C - a potion of agility
 L - a potion of invisibility
Books
 e - a book of Callings

   Spells                             Type                      Level
   a - Summon Small Mammal            Summoning                    1
   b - Call Imp                       Summoning                    2
   c - Call Canine Familiar           Summoning                    3
   d - Summon Guardian Golem          Hexes/Summoning              3
   e - Summon Lightning Spire         Summoning/Air                4
   f - Summon Ice Beast               Ice/Summoning                4
 m - a book of Battle

   Spells                             Type                      Level
   a - Infusion                       Charms                       1
   b - Shroud of Golubria             Charms/Translocation         2
   c - Song of Slaying                Charms                       2
   d - Spectral Weapon                Hexes/Charms                 3
   e - Regeneration                   Charms/Necromancy            3
 v - a book of Geomancy

   Spells                             Type                      Level
   a - Sandblast                      Earth                        1
   b - Passwall                       Transmutation/Earth          2
   c - Stone Arrow                    Conjuration/Earth            3
   d - Petrify                        Transmutation/Earth          4
   e - Lee's Rapid Deconstruction     Earth                        5
Comestibles
 a - 29 rations


   Skills:
 - Level 10.3 Fighting
 + Level 16.2 Dodging
 - Level 7.1 Stealth
 - Level 13.5 Unarmed Combat
 - Level 8.0 Invocations
 - Level 4.8 Evocations


You had 11 spell levels left.
You didn't know any spells.

Dungeon Overview and Level Annotations

Branches:
Dungeon (10/15)            Temple (1/1) D:5            Lair (6/6) D:8
 Shoals (0/4) Lair:3        Snake (0/4) Lair:4          Orc (0/2) D:9
  Slime: Lair:5-6

Altars:
Ashenzari
Cheibriados
Dithmenos
Elyvilon
Fedhas
Gozag
Hepliaklqana
Kikubaaqudgha
Makhleb
Nemelex Xobeh
Okawaru
Qazlal
Ru
Sif Muna
Trog
Uskayaw
Vehumet
Wu Jian
Xom
Yredelemnul
Zin
The Shining One

Shops:
D:5 *=

Annotations:
D:4 1 runed door
D:5 Prince Ribbit
D:10 Baghtru's ghost, novice HOFi


Innate Abilities, Weirdness & Mutations

You cannot wear armour.
You are incapable of wielding weapons or throwing items.
Your paws allow you to move quietly. (Stealth)
You have sharp claws.
You have razor-sharp teeth.
You have supernaturally acute eyesight. (SInv)
You are carnivorous and can eat meat at any time.
You cover ground quickly.
Your thick and shaggy fur keeps you warm. (AC +3, rC+)
You have a slow metabolism.
Your sharp claws are effective at attacking unaware monsters.


Message History

You scratch the komodo dragon. Your claw misses the komodo dragon.
The komodo dragon is moderately wounded.
You are healed.
The komodo dragon completely misses you.
You mangle the komodo dragon!!
The komodo dragon is severely wounded.
The komodo dragon completely misses you.
You barely miss the komodo dragon.
The komodo dragon is severely wounded.
The komodo dragon bites you.
You scratch the komodo dragon but do no damage.
The komodo dragon is severely wounded.
The komodo dragon closely misses you.
You scratch the komodo dragon.
The komodo dragon is severely wounded.
You claw the komodo dragon!
You bite the komodo dragon, but do no damage.
The komodo dragon is almost dead.
The komodo dragon bites you!!
You die...

##....†.....# #...
##.........## #....
#...........# . ##.l.#
##..........# ..##....##
#P..........#P ..P......#
##...†......#.
.........#####..........#..
.#.......##.###.†........#.
....#....P@.P#.†...........
........(l.................
...........................
...........................
.#.#...##...#..##........#.
# #### ####.########P##..#
### ### ###


You could see a komodo dragon.

Vanquished Creatures
  Gastronok (Lair:1)
  2 hydras
  3 two-headed ogres (D:8)
  A death yak (Lair:5)
  The ghost of tidbits the Martial Artist, a novice GnTm of Cheibriados (D:8)
  A hell hog (Volcano)
  Nergalle (Lair:1)
  Pikel (D:6)
  7 elephants
  3 black mambas
  2 molten gargoyles (Volcano)
  10 spiny frogs
  3 rime drakes
  3 komodo dragons
  A queen bee (Lair:5)
  3 meliai (Lair:5)
  A polar bear (Lair:6)
  6 blink frogs
  6 hippogriffs
  Sigmund (D:3)
  9 fire bats (Volcano)
  2 wraiths (D:10)
  3 wyverns
  10 yaks
  A basilisk (Lair:5)
  A hungry ghost (D:3)
  2 steam dragons (Volcano)
  A naga (Lair:4)
  Edmund (D:4)
  2 hell hounds (Lair:2)
  8 water moccasins
  A porcupine (Lair:2)
  3 sky beasts
  A black bear (D:9)
  6 ogres
  4 orc warriors
  3 ice beasts
  11 wolves
  3 centaurs
  A phantom (D:4)
  13 crocodiles
  A big kobold (Sewer)
  8 bullfrogs
  A wyvern skeleton (D:9)
  6 scorpions
  5 wights (D:8)
  25 killer bees (Lair:5)
  A vampire bat (D:4)
  3 howler monkeys (D:7)
  3 crimson imps
  A bullfrog zombie (D:9)
  4 lava snakes (Volcano)
  A jelly (D:9)
  8 hounds
  A centaur skeleton (D:9)
  9 orc priests
  2 iguanas
  2 gnoll shamans
  Terence (D:2)
  7 orc wizards
  3 worker ants
  2 hound skeletons
  11 gnolls
  2 howler monkey skeletons (D:5)
  A river rat (Sewer)
  13 adders
  A shadow imp (D:8)
  An ooze (D:2)
  An adder skeleton (D:4)
  5 worms
  2 dart slugs (D:1)
  6 leopard geckos
  55 orcs
  2 bat skeletons (D:4)
  3 bat zombies (D:4)
  7 giant cockroaches
  7 goblins
  9 hobgoblins
  10 jackals
  8 kobolds
  5 quokkas
  3 ball pythons
  7 bats
  4 frilled lizards
  2 jackal skeletons (D:6)
  A quokka skeleton (D:8)
  13 rats
416 creatures vanquished.

Vanquished Creatures (collateral kills)
  Snorg (Lair:6)
1 creature vanquished.

Vanquished Creatures (others)
  A yak (Lair:6)
  3 killer bees (Lair:5)
  A bat (D:2)
  14 fungi
  11 plants
30 creatures vanquished.

Grand Total: 447 creatures vanquished

Notes
Turn   | Place    | Note
-------+----------+-------------------------------------------
     0 | D:1      | inc the Felid Monk began the quest for the Orb.
     0 | D:1      | Reached XP level 1. HP: 10/10 MP: 2/2
   432 | D:1      | Reached XP level 2. HP: 14/14 MP: 3/3
  1045 | D:1      | Reached XP level 3. HP: 16/17 MP: 4/4
  1988 | D:2      | Reached skill level 5 in Unarmed Combat
  1988 | D:2      | Reached XP level 4. HP: 17/21 MP: 5/5
  2803 | D:2      | Noticed Terence
  2818 | D:2      | Killed Terence
  3122 | D:2      | Reached XP level 5. HP: 23/24 MP: 6/6
  3344 | D:2      | Found a basalt altar of Yredelemnul.
  3346 | D:2      | Noticed a profane servitor
  3355 | D:2      | Found a glowing golden altar of the Shining One.
  3357 | D:2      | Noticed an angel
  3506 | D:3      | Noticed a hungry ghost
  3546 | D:3      | Killed a hungry ghost
  3546 | D:3      | Gained mutation: You are covered in thick fur. (AC +2) [Felid growth]
  3546 | D:3      | Reached XP level 6. HP: 20/28 MP: 7/7
  4014 | D:3      | Found a blossoming altar of Fedhas.
  4115 | D:3      | Noticed Sigmund
  4479 | D:5      | Entered Level 5 of the Dungeon
  4479 | D:5      | Noticed an ice beast
  4488 | D:5      | Killed an ice beast
  4543 | D:5      | Noticed Prince Ribbit
  4543 | D:5      | Noticed a sky beast
  4731 | D:5      | Killed a sky beast
  4731 | D:5      | Reached XP level 7. HP: 31/31 MP: 8/8
  4953 | D:5      | Found a glowing drain.
  4987 | Sewer    | Entered a sewer
  5354 | Sewer    | Found a white marble altar of Elyvilon.
  5694 | D:5      | Reached skill level 5 in Dodging
  5853 | D:5      | Got a slimy silver amulet
  5854 | D:5      | Identified the amulet "Denott" {Inacc +Inv rC+} (You found it on level 5 of the Dungeon)
  6134 | D:4      | Noticed Edmund
  6169 | D:4      | Killed Edmund
  6169 | D:4      | Reached skill level 6 in Dodging
  6169 | D:4      | Reached XP level 8. HP: 23/34 MP: 9/9
  6492 | D:4      | Reached skill level 7 in Dodging
  6627 | D:5      | Found Oxyoral's Jewellery Emporium.
  6649 | D:5      | Found Cuary's Assorted Antiques.
  6741 | D:5      | Found a staircase to the Ecumenical Temple.
  6758 | D:5      | Bought a lumpy cameo amulet for 95 gold pieces
  6783 | Temple   | Entered the Ecumenical Temple
  7251 | Temple   | Became a worshipper of Elyvilon the Healer
  7251 | Temple   | Reached * piety under Elyvilon
  7251 | Temple   | Reached ** piety under Elyvilon
  7546 | D:4      | Found a runed door.
  7551 | D:4      | Found a basalt altar of Yredelemnul.
  7802 | D:4      | Found an ancient bone altar of Kikubaaqudgha.
  7807 | D:4      | Reached skill level 8 in Dodging
  7957 | D:3      | Killed Sigmund
  7957 | D:3      | Reached skill level 9 in Dodging
  8424 | D:5      | Reached skill level 10 in Dodging
  8593 | D:6      | Found an iron altar of Okawaru.
  8593 | D:6      | Found a sacrificial altar of Ru.
  8857 | D:6      | Reached XP level 9. HP: 35/39 MP: 10/10
  8932 | D:6      | Reached *** piety under Elyvilon
  8932 | D:6      | Noticed Pikel
  8940 | D:6      | Killed Pikel
  9001 | D:6      | Found a snail-covered altar of Cheibriados.
 10381 | D:8      | Found a sparkling altar of Nemelex Xobeh.
 10389 | D:8      | Reached **** piety under Elyvilon
 10470 | D:8      | Found a staircase to the Lair.
 10470 | D:8      | Noticed a two-headed ogre
 10481 | D:8      | Noticed tidbits's ghost (novice GnTm)
 10581 | D:8      | Noticed a two-headed ogre
 10620 | D:8      | Killed a two-headed ogre
 10620 | D:8      | Reached skill level 10 in Fighting
 10620 | D:8      | Reached XP level 10. HP: 37/51 MP: 11/11
 10743 | D:8      | Noticed a two-headed ogre
 10747 | D:8      | Reached skill level 1 in Invocations
 10762 | D:8      | Killed a two-headed ogre
 10772 | D:8      | Killed tidbits's ghost
 10772 | D:8      | Reached skill level 5 in Invocations
 11118 | D:8      | Killed a two-headed ogre
 12108 | D:9      | Found a staircase to the Orcish Mines.
 12350 | D:9      | Found a stormy altar of Qazlal.
 12351 | D:9      | Found a burning altar of Makhleb.
 12352 | D:9      | Found an ornate altar of the Wu Jian Council.
 12815 | D:10     | Entered Level 10 of the Dungeon
 12826 | D:10     | Reached XP level 11. HP: 54/54 MP: 18/18
 12861 | D:10     | Reached skill level 1 in Evocations
 12875 | D:10     | Reached ***** piety under Elyvilon
 13177 | D:10     | Noticed Baghtru's ghost (novice HOFi)
 13716 | Lair:1   | Entered Level 1 of the Lair of Beasts
 13751 | Lair:1   | Noticed a six-headed hydra
 13766 | Lair:1   | Killed a six-headed hydra
 14193 | Lair:1   | Reached skill level 5 in Stealth
 14588 | Lair:1   | Noticed Nergalle
 14610 | Lair:1   | Killed Nergalle
 14610 | Lair:1   | Reached skill level 11 in Dodging
 14657 | Lair:1   | Noticed Gastronok
 14670 | Lair:1   | Killed Gastronok
 14670 | Lair:1   | Reached skill level 12 in Dodging
 15066 | Lair:1   | You fall through a shaft!
 15072 | Lair:2   | Identified a scroll of acquirement
 15079 | Lair:2   | Got a transparent wooden ring
 15082 | Lair:2   | Identified the ring of the Monkey {rCorr +Fly rC- Int+3 Dex+6} (You acquired it on level 2 of the Lair of Beasts)
 15222 | Lair:2   | Reached skill level 13 in Dodging
 15461 | Lair:2   | Found a dark tunnel.
 15469 | Volcano  | Entered a volcano
 15650 | Volcano  | Found a bloodstained altar of Trog.
 15650 | Volcano  | Noticed a hell hog
 15653 | Volcano  | Gained mutation: Your thick and shaggy fur keeps you warm. (AC +3, rC+) [Felid growth]
 15653 | Volcano  | Reached XP level 12. HP: 58/58 MP: 19/19
 15668 | Volcano  | Reached skill level 10 in Unarmed Combat
 15671 | Volcano  | Killed from afar by a hell hog
 15672 | Volcano  | Reached XP level 11. HP: -5/54 MP: 18/18
 15752 | Volcano  | Killed a hell hog
 16040 | Volcano  | Noticed a fire crab
 16760 | Lair:3   | Noticed a five-headed hydra
 17545 | Lair:3   | Pacified a five-headed hydra
 17625 | Lair:3   | Found a staircase to the Shoals.
 17850 | Lair:4   | Found a staircase to the Snake Pit.
 17886 | Lair:4   | Noticed an eight-headed hydra
 17887 | Lair:4   | Pacified an eight-headed hydra
 18125 | Lair:4   | Noticed a four-headed hydra
 18131 | Lair:4   | Killed a four-headed hydra
 18177 | Lair:4   | Reached XP level 12. HP: 58/58 MP: 19/19
 19773 | Lair:5   | Reached skill level 14 in Dodging
 20110 | Lair:5   | Noticed a death yak
 20141 | Lair:5   | Killed a death yak
 20541 | Lair:5   | Noticed a six-headed hydra
 20560 | Lair:5   | Mangled by a six-headed hydra
 20561 | Lair:5   | Reached XP level 11. HP: -12/54 MP: 17/18
 20575 | Lair:5   | Reached skill level 15 in Dodging
 20847 | Lair:5   | Noticed a five-headed hydra
 20849 | Lair:5   | Pacified a five-headed hydra
 20957 | Lair:5   | Pacified a six-headed hydra
 20980 | Lair:5   | Noticed a four-headed hydra
 20984 | Lair:5   | Pacified a four-headed hydra
 21329 | Lair:6   | Entered Level 6 of the Lair of Beasts
 21371 | Lair:6   | Reached XP level 12. HP: 42/58 MP: 19/19
 21593 | Lair:6   | Reached skill level 16 in Dodging
 21624 | Lair:6   | Noticed Snorg
 21649 | Lair:6   | Killed Snorg
 21690 | Lair:6   | Slain by a komodo dragon

Skill      XL: |  1  2  3  4  5  6  7  8  9 10 11 12 |
---------------+-------------------------------------+-----
Unarmed Combat | 4 5 6 8 9 12 13 | 13.5
Dodging        | 6 10 15 16 | 16.2
Fighting       | 4 10 | 10.3
Invocations    | 8 |  8.0
Evocations     | 4 |  4.8
Stealth        | 7 |  7.1

Action                   |  1- 3 |  4- 6 |  7- 9 | 10-12 || total
-------------------------+-------+-------+-------+-------++-------
Melee: Unarmed           |    96 |   167 |   471 |   887 ||  1621
       Bite              |     6 |    11 |    46 |   104 ||   167
       Punch             |       |     7 |    14 |    43 ||    64
Invok: Greater Healing   |       |       |       |    20 ||    20
       Lesser Healing    |       |       |       |     2 ||     2
       Purification      |       |       |       |     2 ||     2
       Heal Other        |       |       |       |    11 ||    11
 Abil: Evoke Berserk Rag |       |       |    11 |    35 ||    46
  Use: Potion            |     1 |     3 |     5 |    12 ||    21
       Scroll            |       |       |     9 |    19 ||    28
 Stab: Sleeping          |     8 |     5 |     6 |    25 ||    44
       Distracted        |     2 |     1 |       |     1 ||     4
  Eat: Chunk             |     3 |     4 |    20 |    73 ||   100
       Ration            |       |     3 |     1 |       ||     4
Armor: Skin              |     6 |    20 |    13 |    61 ||   100
Dodge: Dodged            |    64 |    94 |   354 |   968 ||  1480
